 Dungeon Crawl Stone Soup version 0.30.1-3-gfc49f6343a (webtiles) character file.

Game seed: 15410674117625805008

6 shmup the Firebug (level 1, -1/10 HPs)
             Began as a Tengu Fire Elementalist on July 26, 2023.
             Slain by a gnoll
             ... wielding a +2 flail of venom
              (11 damage)
             ... on level 1 of the Dungeon.
             The game lasted 00:00:30 (147 turns).

shmup the Firebug (Tengu Fire Elementalist)          Turns: 147, Time: 00:00:31

Health: -1/10      AC:  2    Str:  8    XL:     1   Next: 90%
Magic:  1/4        EV: 12    Int: 15    God:
Gold:   22         SH:  0    Dex: 14    Spells: 3/4 levels left

rFire   . . .        c - +0 dagger
rCold   . . .        (no shield)
rNeg    . . .        a - +0 robe
rPois   .            (helmet restricted)
rElec   .            (no cloak)
rCorr   .            (no gloves)
SInv    .            (boots unavailable)
Will    .....        (no amulet)
Stlth   ++           (no ring)
HPRegen 0.21/turn    (no ring)
MPRegen 0.09/turn

%: no passive effects
@: no status effects
A: beak, talons 3
a: no special abilities


You were on level 1 of the Dungeon.
You visited 1 branch of the dungeon, and saw 1 of its levels.

You collected 22 gold pieces.

Inventory:

Hand Weapons
 c - a +0 dagger (weapon)
Armour
 a - a +0 robe (worn)
Potions
 b - a potion of magic


   Skills:
 - Level 2.1 Dodging
 - Level 2.0 Stealth
 - Level 2.0 Spellcasting
 + Level 1.8 Conjurations
 * Level 3.6 Fire Magic


You had 3 spell levels left.
You knew the following spells:

 Your Spells              Type           Power      Damage    Failure   Level
a - Foxfire               Conj/Fire      36%        2x1d5     8%          1

Your spell library contained the following spells:

 Spells                   Type           Power      Damage    Failure   Level
 Scorch                   Fire           24%        2d6       8%          2
 Inner Flame              Hex/Fire       6%         N/A       32%         3
 Volatile Blastmotes      Fire/Tloc      12%        2d11      32%         3
 Flame Wave               Conj/Fire      9%         2d6       58%         4


Dungeon Overview and Level Annotations

Branches:
Dungeon (1/15)

Altars:


Innate Abilities, Weirdness & Mutations

You have a beak for a mouth.
You have claws for feet.


Message History

Confirm with . or Enter, or press ? or * to list all spells.
You conjure some foxfire!
The foxfire hits the giant cockroach.
The giant cockroach is moderately wounded.
Your foxfire dissipates!
Casting: Foxfire (safe; 8% risk of failure)
Confirm with . or Enter, or press ? or * to list all spells.
You conjure some foxfire!
The foxfire hits the giant cockroach but does no damage.
The giant cockroach is moderately wounded.
The foxfire hits the giant cockroach.
The giant cockroach is heavily wounded.
Casting: Foxfire (safe; 8% risk of failure)
Confirm with . or Enter, or press ? or * to list all spells.
You conjure some foxfire!
The foxfire hits the giant cockroach.
You kill the giant cockroach!
You start resting.
Your foxfire dissipates!
Magic restored.
You see here a giant cockroach corpse.
A gnoll comes into view. It is wielding a +2 flail of venom.
A gnoll is nearby!
Casting: Foxfire (safe; 8% risk of failure)
Confirm with . or Enter, or press ? or * to list all spells.
You conjure some foxfire!
The foxfire hits the gnoll but does no damage.
The gnoll shouts!
The foxfire hits the gnoll but does no damage.
Casting: Foxfire (safe; 8% risk of failure)
Confirm with . or Enter, or press ? or * to list all spells.
You conjure some foxfire!
The foxfire hits the gnoll.
The gnoll is lightly wounded.
The foxfire hits the gnoll but does no damage.
The gnoll is lightly wounded.
Casting: Foxfire (safe; 8% risk of failure)
Confirm with . or Enter, or press ? or * to list all spells.
You conjure some foxfire!
The gnoll hits you with a +2 flail of venom!
Ouch! That really hurt!
You die...

▒▒+▒▒▒▒ .......
▒▒▒+▒▒▒▒.......
..▒▒..............
▒.▒▒.....v#..[....
▒.▒▒....%#Qv......
▒.▒▒▒▒'▒▒▒▒g.$....
▒▒▒.▒ ▒.▒ .......
▒...▒ ▒.▒ .......
▒▒...▒▒▒▒.▒
▒▒▒▒▒..
▒.........▒ .
▒....▒▒▒▒▒▒▒▒▒▒▒
▒....▒ ▒▒▒...%.▒▒
▒....▒▒▒...%...[▒


You could see a gnoll (ally target).

Vanquished Creatures
  A ball python (D:1)
  A giant cockroach (D:1)
  5 rats (D:1)
7 creatures vanquished.

Vanquished Creatures (others)
  19 foxfires (D:1)
19 creatures vanquished.

Grand Total: 26 creatures vanquished

Notes
Turn   | Place    | Note
-------+----------+-------------------------------------------
     0 | D:1      | shmup the Tengu Fire Elementalist began the quest for the
                  | Orb.
     0 | D:1      | Reached XP level 1. HP: 10/10 MP: 4/4
   147 | D:1      | Slain by a gnoll

Illustrated notes

Levels and vault maps discovered:
D:1:      dpeg_arrival_ratfight, layout_basic

Action                     || total
---------------------------++-------
   Cast: Foxfire           ||    12
